 Dungeon Crawl Stone Soup version 0.19-a0-252-g247cc30 (webtiles) character file.

29 Musica the Conjurer (level 3, -11/21 HPs)
             Began as an Octopode Conjurer on May 25, 2016.
             Was an Initiate of Vehumet.
             Splashed by Ijyb's acid (15 damage)
             ... on level 2 of the Dungeon.
             The game lasted 00:04:39 (844 turns).

Musica the Conjurer (Octopode Conjurer)              Turns: 844, Time: 00:04:42

Health: -11/21     AC:  2    Str:  7    XL:     3   Next: 16%
Magic:  0/6        EV: 12    Int: 18    God:    Vehumet [......]
Gold:   76         SH:  4    Dex: 12    Spells: 2 memorised, 2 levels left

rFire  . . .     SeeInvis .     g - +0 short sword
rCold  . . .     Gourm    .     (no shield)
rNeg   . . .     Faith    .     (helmet restricted)
rPois  .         Spirit   .     i - +4 amulet of reflection
rElec  .         Dismiss  .     e - +1 ring of protection
rCorr  .         Reflect  +     (no ring)
SustAt .         Harm     .     (no ring)
MR     .....                    (no ring)
Stlth  +++.......               (no ring)
                                (no ring)
                                (no ring)
                                (no ring)

@: very slightly contaminated, not resistant to hostile enchantments, fairly
stealthy
A: almost no armour, amphibious, 8 rings, constrict 8, camouflage 1, gelatinous
body 1
a: Renounce Religion


You were on level 2 of the Dungeon.
You worshipped Vehumet.
Vehumet was noncommittal.
You were not hungry.

You visited 1 branch of the dungeon, and saw 3 of its levels.

You collected 76 gold pieces.

Inventory:

Hand Weapons
 d - a +0 mace
 g - a +0 short sword (weapon)
Jewellery
 e - a +1 ring of protection (left tentacle)
 i - a +4 amulet of reflection (around mantle)
Scrolls
 h - a scroll of fog {unknown}
 j - a scroll of enchant weapon {unknown}
 k - 2 scrolls of amnesia {unknown}
 l - a scroll of teleportation {unknown}
Potions
 c - a potion of flight {unknown}
Books
 a - a book of Conjurations

   Spells                             Type                      Level
   a - Magic Dart                     Conjuration                  1
   b - Searing Ray                    Conjuration                  2
   c - Dazzling Spray                 Conjuration/Hexes            3
   d - Fulminant Prism                Conjuration/Hexes            4
   e - Iskenderun's Mystic Blast      Conjuration                  4
   f - Iskenderun's Battlesphere      Conjuration/Charms           5
Comestibles
 b - a bread ration
 f - 7 fruits


   Skills:
 - Level 2.0 Dodging
 + Level 2.6 Stealth
 * Level 2.3 Spellcasting
 + Level 4.7 Conjurations


You had 2 spell levels left.
You knew the following spells:

 Your Spells              Type           Power        Failure   Level  Hunger
a - Magic Dart            Conj           ###.         2%          1    #......
b - Dazzling Spray        Conj/Hex       ##....       24%         3    ###....


Dungeon Overview and Level Annotations

Branches:
Dungeon (3/15)

Altars:
Vehumet

Annotations:
D:2 Ijyb


Innate Abilities, Weirdness & Mutations

You cannot wear most types of armour.
You are amphibious.
You can wear up to eight rings at the same time.
You can use your tentacles to constrict eight enemies at once.
Your skin changes colour to match your surroundings (Stealth+).
Your rubbery body absorbs attacks. (AC +1)


Message History

Press: ? - help, Shift-Dir - straight line, f/p - Ijyb
Aim: Ijyb, wielding a dagger and wearing a leather armour The magic dart hits Ijyb.
Ijyb is moderately wounded.
Casting: Magic Dart
Confirm with . or Enter, or press ? or * to list all spells.
Aiming: Magic Dart
Press: ? - help, Shift-Dir - straight line, f/p - Ijyb
Aim: Ijyb, wielding a dagger and wearing a leather armour (moderately wounded)
The magic dart hits Ijyb.
Ijyb is heavily wounded.
You block Ijyb's attack.
You closely miss Ijyb. Your grab misses Ijyb.
Ijyb is heavily wounded.
Ijyb zaps a wand.
The bolt of acid hits you!
Ouch! That really hurt!
* * * LOW HITPOINT WARNING * * *
The acid burns!
Ouch! That really hurt!
You die...

#.# #.#..## #. #.#
#.#..# #. #.# #.#..##
###. #.# #.#.... ...
#.# #.#.### #.. #.#
#.#.### ##.. #.#
##....<.
#...#####.#####.......
#.g@.............###
#######.......####
#########


You could see Ijyb.

Vanquished Creatures
  A dart slug (D:1)
  A giant gecko (D:1)
  A ball python (D:1)
  A giant cockroach (D:1)
  5 hobgoblins
  3 jackals (D:1)
  6 bats (D:1)
  3 goblins
  A rat (D:1)
22 creatures vanquished.

Notes
Turn   | Place    | Note
--------------------------------------------------------------
     0 | D:1      | Musica the Octopode Conjurer began the quest for the Orb.
     0 | D:1      | Reached XP level 1. HP: 11/11 MP: 3/3
   197 | D:1      | Reached XP level 2. HP: 10/17 MP: 3/5
   585 | D:1      | Reached XP level 3. HP: 21/21 MP: 0/6
   590 | D:1      | Learned a level 3 spell: Dazzling Spray
   763 | D:2      | Found a radiant altar of Vehumet.
   768 | D:2      | Became a worshipper of Vehumet
   838 | D:2      | Noticed Ijyb
   844 | D:2      | Splashed by Ijyb's acid

Vault maps used:
D:1:      evilmike_arrival_home_sweet_home
D:2:      vehumet_crystals, amethyst_overflow_temple_binary, minmay_cupped,
          uniq_iyjb
D:3:      first_bread

Action                   || total
-------------------------++-------
Melee: Mace              ||    15
       Constrict         ||     6
       Tentacles         ||     4
       Short sword       ||    13
 Cast: Magic Dart        ||    28
 Stab: Sleeping          ||     4
Armor: Skin              ||     5
Dodge: Dodged            ||    22
Block: Other             ||     1
